 Dungeon Crawl Stone Soup version 0.20.1-1-g8b1a95d (webtiles) character file.

94 dara the Shield-Bearer (level 4, 44/44 HPs)
             Began as a Troll Fighter on Dec 27, 2017.
             Starved to death
             ... on level 4 of the Dungeon on Dec 28, 2017.
             The game lasted 00:57:15 (2390 turns).

dara the Shield-Bearer (Troll Fighter)              Turns: 2390, Time: 00:57:16

Health: 44/44      AC:  5    Str: 25    XL:     4   Next: 38%
Magic:  3/3        EV:  9    Int:  4    God:
Gold:   122        SH:  9    Dex:  9    Spells: 2/3 levels left

rFire    . . .     SeeInvis .   e - -1 hand axe
rCold    . . .     Gourm    +   c - +0 shield
rNeg     . . .     Faith    .   m - +0 robe
rPois    .         Spirit   .   (helmet restricted)
rElec    .         Reflect  .   (no cloak)
rCorr    .         Harm     .   (gloves unavailable)
MR       .....                  (boots unavailable)
Stlth    +.........             (no amulet)
Regen    0.6/turn               g - +4 ring of slaying
MPRegen  0.1/turn               y - +1 ring of evasion

@: fainting
A: unfitting armour, claws 3, talons 1, deterioration 1, fast metabolism 3,
gourmand, regeneration 1, shaggy fur 1, tough skin 2
a: no special abilities


You were on level 4 of the Dungeon.
You were fainting.

You visited 1 branch of the dungeon, and saw 4 of its levels.

You collected 175 gold pieces.
You spent 53 gold pieces at shops.

Inventory:

Hand Weapons
 a - a +0 war axe
 d - a +0 dagger
 e - a -1 hand axe (weapon)
 q - a +0 dagger
 r - a +0 whip
 s - a cursed -3 dagger
 v - a +0 short sword
 w - a +0 short sword
Missiles
 h - 14 sling bullets (quivered)
 j - 48 bolts
 o - 34 arrows
 p - 67 stones
Armour
 b - a +0 robe
 c - a +0 shield (worn)
 i - a +0 leather armour
 m - a +0 robe (worn)
 x - a +0 helmet
Jewellery
 g - a +4 ring of slaying (left claw)
 y - a +1 ring of evasion (right claw)
Scrolls
 l - a scroll of identify
 t - a scroll of immolation
Potions
 k - 2 potions of heal wounds
 n - a potion of flight
 z - 2 potions of degeneration {unknown}
 A - a potion of cancellation {unknown}
Books
 f - a book of Flames

   Spells                             Type                      Level
   a - Flame Tongue                   Conjuration/Fire             1
   b - Throw Flame                    Conjuration/Fire             2
   c - Conjure Flame                  Conjuration/Fire             3
   d - Inner Flame                    Hexes/Fire                   3
   e - Sticky Flame                   Conjuration/Fire             4
   f - Fireball                       Conjuration/Fire             5


   Skills:
 + Level 2.7 Fighting
 + Level 2.2 Axes
 + Level 3.0 Dodging
 + Level 3.2 Shields


You had 2 spell levels left.
You knew the following spells:

 Your Spells              Type           Power        Failure   Level  Hunger
a - Flame Tongue          Conj/Fire      #....        89%         1    ##.....


Dungeon Overview and Level Annotations

Branches:
Dungeon (4/15)
 Temple: D:4-7

Altars:
Dithmenos

Shops:
D:4 [=


Innate Abilities, Weirdness & Mutations

You are too large for most types of armour.
You have claws for hands.
Your metabolism is lightning-fast.
You like to eat raw meat.
Your natural rate of healing is unusually fast.
You are covered in fur. (AC +1)
You have very tough skin. (AC +2)
You have sharp toenails.
Your body sometimes deteriorates upon taking damage.


Message History

Found 14 gold pieces.
A - a grey potion You now have 164 gold pieces (gained 14).
Found a spear.
Found Uloceatu's Jewellery Boutique.
You are starving!
There is an entrance to Uloceatu's Jewellery Boutique here.
There is an entrance to Uloceatu's Jewellery Boutique here.
y - a +1 ring of evasion Thank you for shopping at Uloceatu's Jewellery Boutique!
y - a +1 ring of evasion (right claw)
As you read the scroll labeled ZONKIUKIPT, it crumbles to dust.
You assume a fearsome visage.
Nothing appears to happen.
It was a scroll of fear.
There is an entrance to Xadeh's Antique Armour Shoppe here.
You see here a cursed -2 hunting sling.
You are fainting from starvation!
You lose consciousness!
You can move again.
You have starved to death.
You die...

#.# ##.#.###........
..###..#.##...≈≈≈≈..
#.#.....##..⌠≈≈≈≈.. ## ##
#....####...≈≈≈≈.. .. ..
##...#####........ #. #.
#.....#..#.......
#..#.#####...#......##>#..
#...#.......#...#####.#..
#......@.............#..
#...#<........#..######.#
........####........#
###.# #....... #...######
##.... #....... #...#
#..).. #......# #...#
#..... ###...# ##.##
##..... ......#####.######
#...... .............#
#....".


There were no monsters in sight!

Vanquished Creatures
  A worker ant (D:4)
  An adder (D:2)
  2 dart slugs
  2 leopard geckos
  An orc (D:3)
  7 giant cockroaches
  4 goblins
  6 hobgoblins
  2 jackals (D:1)
  A ball python (D:2)
  5 bats
  4 frilled lizards
  13 kobolds
  4 rats
  4 plants (D:2)
57 creatures vanquished.

Notes
Turn   | Place    | Note
-------+----------+-------------------------------------------
     0 | D:1      | dara the Troll Fighter began the quest for the Orb.
     0 | D:1      | Reached XP level 1. HP: 22/22 MP: 0/0
   180 | D:1      | Reached XP level 2. HP: 29/29 MP: 1/1
   780 | D:2      | Reached XP level 3. HP: 36/36 MP: 2/2
  1635 | D:2      | Gained mutation: Your body sometimes deteriorates upon taking damage. [potion of mutation]
  1635 | D:2      | Gained mutation: You have sharp toenails. [potion of mutation]
  1715 | D:2      | Found a shadowy altar of Dithmenos.
  2073 | D:3      | Reached XP level 4. HP: 44/44 MP: 3/3
  2114 | D:4      | Found Xadeh's Antique Armour Shoppe.
  2125 | D:4      | Bought a robe for 11 gold pieces
  2169 | D:4      | Learned a level 1 spell: Flame Tongue
  2203 | D:4      | Found Teazuha's Distillery.
  2283 | D:4      | Found Uloceatu's Jewellery Boutique.
  2299 | D:4      | Bought a +1 ring of evasion for 42 gold pieces
  2346 | D:4      | Paralysed by fainting for 11 turns
  2390 | D:4      | Starved to death

Skill      XL: |  1  2  3  4 |
---------------+-------------+-----
Axes           | 2 |  2.2
Shields        | 3 |  3.2
Dodging        | 3 |  3.0
Fighting       | |  2.7

Action                   |  1- 3 |  4- 6 || total
-------------------------+-------+-------++-------
Melee: War axe           |   294 |       ||   294
       Hand axe          |    61 |    15 ||    76
       Kick              |     4 |     2 ||     6
  Use: Scroll            |     5 |     2 ||     7
       Potion            |     7 |       ||     7
  Eat: Chunk             |     8 |       ||     8
       Bread ration      |     2 |       ||     2
       Royal jelly       |       |     1 ||     1
Armor: Robe              |   166 |     5 ||   171
Dodge: Dodged            |   162 |     4 ||   166
Block: Shield            |   196 |     7 ||   203
